 Dungeon Crawl Stone Soup version 0.20-a0-972-gb9bd3e6 (webtiles) character file.

4883 nikopol the Spear-Bearer (level 10, -3/64 HPs)
             Began as a Gargoyle Berserker on Apr 9, 2017.
             Was an Elder of Trog.
             Slain by a six-headed hydra (6 damage)
             ... on level 8 of the Dungeon.
             The game lasted 00:14:09 (7484 turns).

nikopol the Spear-Bearer (Gargoyle Berserker)       Turns: 7484, Time: 00:14:09

Health: -3/64      AC: 17    Str: 21    XL:     10   Next: 50%
Magic:  10/10      EV: 12    Int:  8    God:    Trog [****..]
Gold:   289        SH:  0    Dex: 12    Spells: 9/9 levels left

rFire    . . .     SeeInvis .   a - +2 spear (freeze)
rCold    . . .     Gourm    .   (no shield)
rNeg     + . .     Faith    .   N - +0 scale mail
rPois    ∞         Spirit   .   u - +0 helmet
rElec    +         Reflect  .   (no cloak)
rCorr    .         Harm     .   A - +0 pair of gloves
MR       .....                  (no boots)
Stlth    ..........             (no amulet)
Regen    0.2/turn               (no ring)
MPRegen  0.2/turn               (no ring)

@: exhausted, about to teleport, slowed, very slow
A: negative energy resistance 1, electricity resistance, unbreathing,
petrification resistance, rot immunity, AC +7
a: Berserk, Trog's Hand, Brothers in Arms, Burn Spellbooks, Renounce Religion


You were on level 8 of the Dungeon.
You worshipped Trog.
Trog was greatly pleased with you.
You were not hungry.

You visited 1 branch of the dungeon, and saw 8 of its levels.

You collected 409 gold pieces.
You spent 120 gold pieces at shops.

Inventory:

Hand Weapons
 a - a +2 spear of freezing (weapon)
 e - a +0 hand axe
 z - a +0 shortbow
 F - a +2 flail of draining
Missiles
 k - 129 arrows (quivered)
Armour
 b - a +0 animal skin
 l - a +0 ring mail
 u - a +0 helmet (worn)
 A - a +0 pair of gloves (worn)
 N - a +0 scale mail (worn)
Jewellery
 D - an uncursed amulet of faith {unknown}
 I - a cursed ring of teleportation {unknown}
 O - an uncursed amulet of magic regeneration {unknown}
 P - the ring of Shaolin {EV+8}
   (You took it off a deep elf archer on level 8 of the Dungeon)

   [ring of evasion]

   It affects your evasion (+8).
Wands
 C - a wand of confusion (19/48)
 G - a wand of confusion (13/48)
 J - a wand of enslavement (11/24)
Scrolls
 d - 3 scrolls of magic mapping {unknown}
 g - 11 scrolls of identify {unknown}
 h - 2 scrolls of fog {unknown}
 n - 3 scrolls of enchant armour {unknown}
 p - a scroll of amnesia {unknown}
 r - 9 scrolls of teleportation
 w - 2 scrolls of blinking {unknown}
 y - a scroll of enchant weapon {unknown}
 B - 4 scrolls of recharging {unknown}
 H - a scroll of fear {unknown}
 K - a scroll of remove curse {unknown}
 M - a scroll of immolation {unknown}
Potions
 f - 3 potions of heal wounds {unknown}
 j - a potion of cancellation {unknown}
 o - a potion of might {unknown}
 q - a potion of degeneration {unknown}
 s - 4 potions of curing {unknown}
 v - 2 potions of brilliance {unknown}
 x - a potion of agility {unknown}
 E - a potion of magic {unknown}
 L - a potion of mutation {unknown}
Books
 t - a Grand Grimoire

   Spells                             Type                      Level
   a - Monstrous Menagerie            Summoning                    7
   b - Summon Greater Demon           Summoning                    7
   c - Malign Gateway                 Summoning/Translocation      7
   d - Summon Horrible Things         Summoning                    8
   Trog disapproves of the use of such an item.
Comestibles
 c - 7 bread rations
 i - 4 royal jellies
 m - 4 meat rations


   Skills:
 + Level 7.7 Fighting
 - Level 2.6(5.8) Axes
 * Level 8.1(8.3) Polearms
 * Level 5.0 Bows
 + Level 7.3 Armour
 + Level 5.6 Dodging


You had 9 spell levels left.
You didn't know any spells.

Dungeon Overview and Level Annotations

Branches:
Dungeon (8/15)             Temple (0/1) D:5
   Lair: D:8-11

Altars:
Dithmenos

Shops:
D:4 **??


Innate Abilities, Weirdness & Mutations

You are resistant to torment.
Your stone body is resilient. (AC +7)
You are immune to poison.
You resist negative energy. (rN+)
You are resistant to electric shocks. (rElec)
You can survive without breathing.
You are immune to petrification.
You are immune to rotting.


Message History

A worker ant comes into view.
The six-headed hydra bites you.
* * * LOW HITPOINT WARNING * * *
The six-headed hydra bites you but does no damage. x3
The six-headed hydra bites you.
* * * LOW HITPOINT WARNING * * *
The six-headed hydra closely misses you.
As you read the scroll of teleportation, it crumbles to dust.
You feel strangely unstable. The six-headed hydra misses you.
The six-headed hydra bites you.
* * * LOW HITPOINT WARNING * * *
The six-headed hydra bites you but does no damage.
The six-headed hydra misses you. The six-headed hydra barely misses you.
The six-headed hydra bites you but does no damage.
The six-headed hydra barely misses you.
The six-headed hydra bites you but does no damage.
The six-headed hydra barely misses you.
The six-headed hydra bites you but does no damage.
The six-headed hydra bites you.
You die...

#.# ###.##.# # #(#
#>.....# ...
#)########.###..#
..#(.####..÷..((...# #..#
#Z#...(()..#######.###.##
.##.#####(## #[....# #
#)# ###.###
#a##########.#
#.D@.........#
#......############
##..##.# .## #.# . #.#
..# ###


You could see a six-headed hydra and a worker ant.

Vanquished Creatures
  The ghost of Lifeless the Chopper, a novice DsAK of Lugonu (D:5)
  A manticore (D:7)
  A cyclops (D:8)
  Grinder (D:4)
  2 hippogriffs
  Edmund (D:5)
  An orc warrior (D:8)
  A sky beast (D:8)
  A black bear (D:6)
  3 ice beasts
  4 ogres
  A centaur (D:7)
  2 bullfrogs
  2 crimson imps
  A howler monkey (D:6)
  3 orc priests
  2 hounds
  2 jellies
  A quasit (D:4)
  4 orc wizards
  A bullfrog skeleton (D:4)
  2 iguanas
  2 worker ants
  A hound skeleton (D:4)
  Robin (D:4)
  A howler monkey skeleton (D:4)
  11 adders
  4 shadow imps
  An ooze (D:4)
  2 adder skeletons (D:7)
  3 worms
  2 dart slugs
  3 leopard geckos
  16 orcs
  2 ball pythons
  8 bats
  11 giant cockroaches
  12 goblins
  9 hobgoblins
  18 jackals
  5 quokkas
  9 frilled lizards
  A jackal skeleton (D:7)
  5 kobolds
  2 quokka zombies (D:5)
  6 rats
173 creatures vanquished.

Vanquished Creatures (collateral kills)
  A centaur warrior (D:8)
  A deep elf archer (D:8)
  An orc knight (D:8)
  An adder zombie (D:8)
4 creatures vanquished.

Vanquished Creatures (others)
  A goblin (D:4)
1 creature vanquished.

Grand Total: 178 creatures vanquished

Notes
Turn   | Place    | Note
-------+----------+-------------------------------------------
     0 | D:1      | nikopol the Gargoyle Berserker began the quest for the Orb.
     0 | D:1      | Reached XP level 1. HP: 14/14 MP: 1/1
    56 | D:1      | Reached XP level 2. HP: 18/19 MP: 2/2
   182 | D:1      | Reached skill level 1 in Polearms
   222 | D:1      | Reached ** piety under Trog
   222 | D:1      | Reached XP level 3. HP: 19/23 MP: 3/3
   569 | D:2      | You fall through a shaft!
   808 | D:2      | Reached XP level 4. HP: 27/29 MP: 4/4
   851 | D:2      | Reached skill level 2 in Polearms
  1914 | D:3      | Reached XP level 5. HP: 28/33 MP: 5/5
  2219 | D:4      | Found Buizudiw's General Store.
  2248 | D:4      | Reached *** piety under Trog
  2441 | D:4      | Noticed an ogre
  2448 | D:4      | Killed an ogre
  2448 | D:4      | Reached skill level 3 in Polearms
  2448 | D:4      | Reached XP level 6. HP: 38/39 MP: 6/6
  2860 | D:4      | Found Atoef's General Store.
  2875 | D:4      | Noticed a wyvern
  2888 | D:4      | Noticed Robin
  2901 | D:4      | Killed Robin
  2915 | D:4      | Reached XP level 7. HP: 39/44 MP: 7/7
  3064 | D:4      | Found Zevac's Magic Scroll Emporium.
  3065 | D:4      | Found Nuroseich's Magic Scroll Shoppe.
  3083 | D:4      | Bought a scroll of teleportation for 30 gold pieces
  3083 | D:4      | Bought a scroll of teleportation for 30 gold pieces
  3083 | D:4      | Bought a scroll of teleportation for 30 gold pieces
  3089 | D:4      | Bought a scroll of teleportation for 30 gold pieces
  3195 | D:4      | Noticed Grinder
  3197 | D:4      | Paralysed by Grinder for 5 turns
  3205 | D:4      | Paralysed by Grinder for 4 turns
  3213 | D:4      | Killed Grinder
  3213 | D:4      | Reached skill level 5 in Fighting
  3213 | D:4      | Reached skill level 4 in Polearms
  3446 | D:4      | Found a shadowy altar of Dithmenos.
  3641 | D:5      | Entered Level 5 of the Dungeon
  3899 | D:5      | Reached **** piety under Trog
  3997 | D:5      | Noticed Edmund
  4007 | D:5      | Killed Edmund
  4007 | D:5      | Reached XP level 8. HP: 51/51 MP: 8/8
  4062 | D:5      | Noticed Lifeless's ghost (novice DsAK)
  4078 | D:5      | Reached skill level 5 in Polearms
  4078 | D:5      | Reached skill level 5 in Armour
  4097 | D:5      | Killed Lifeless's ghost
  4431 | D:5      | Reached skill level 6 in Polearms
  4567 | D:5      | Found a staircase to the Ecumenical Temple.
  4697 | D:6      | Reached XP level 9. HP: 54/56 MP: 9/9
  5808 | D:7      | Noticed a manticore
  5825 | D:7      | Killed a manticore
  5825 | D:7      | Reached skill level 1 in Bows
  6163 | D:7      | Reached skill level 7 in Polearms
  6163 | D:7      | Reached skill level 5 in Dodging
  6756 | D:8      | Reached ***** piety under Trog
  6984 | D:8      | Reached XP level 10. HP: 51/63 MP: 10/10
  7122 | D:8      | Noticed a cyclops
  7190 | D:8      | Killed a cyclops
  7432 | D:8      | Noticed a deep elf archer
  7457 | D:8      | Noticed an orc knight
  7466 | D:8      | Killed an orc knight
  7468 | D:8      | Killed a deep elf archer
  7468 | D:8      | Reached skill level 8 in Polearms
  7478 | D:8      | Noticed a centaur warrior
  7479 | D:8      | Killed a centaur warrior
  7479 | D:8      | Reached skill level 5 in Bows
  7480 | D:8      | Noticed a six-headed hydra
  7483 | D:8      | HP: 3/64 [six-headed hydra (4)]
  7484 | D:8      | Slain by a six-headed hydra

Vault maps used:
D:1:      lightli_arrival_boilingwater
D:4:      lemuel_doored_altar, serial_shops, shop, shop, nicolae_shop_trees,
          shop, lightli_corner_chamber, uniq_robin, uniq_grinder
D:5:      minmay_temple_entry_fiery, first_bread, uniq_edmund
D:7:      kb_forest_paths
D:8:      minmay_the_grid_octo_triangle

Skill      XL: |  1  2  3  4  5  6  7  8  9 10 |
---------------+-------------------------------+-----
Dodging        | 2 3 4 5 |  5.6
Polearms       | 1 2 3 4 6 7 8 |  8.1
Fighting       | 4 5 6 7 |  7.7
Armour         | 3 4 5 6 7 |  7.3
Bows           | 3 5 |  5.0
Axes           | |  2.6

Action                   |  1- 3 |  4- 6 |  7- 9 | 10-12 || total
-------------------------+-------+-------+-------+-------++-------
Melee: Spear             |    90 |   180 |   337 |    57 ||   664
       Hand axe          |     7 |       |       |       ||     7
 Fire: Shortbow          |       |       |    28 |    14 ||    42
Invok: Berserk           |       |     1 |     5 |     2 ||     8
       Brothers in Arms  |       |       |       |     1 ||     1
  Use: Scroll            |       |       |       |     1 ||     1
  Eat: Chunk             |       |     7 |    18 |     2 ||    27
       Bread ration      |       |       |       |     1 ||     1
Armor: Animal skin       |    21 |       |       |       ||    21
       Ring mail         |    11 |    57 |    91 |       ||   159
       Scale mail        |       |       |    20 |    22 ||    42
Dodge: Dodged            |    50 |    60 |   132 |    11 ||   253
